 Dungeon Crawl Stone Soup version 0.19-a0-1128-gc4a0c12 (webtiles) character file.

75 Jmtri7 the Ducker (level 4, 0/34 HPs)
             Began as a Demonspawn Gladiator on Aug 12, 2016.
             Slain by a hungry ghost (1 damage)
             ... on level 3 of the Dungeon.
             The game lasted 00:03:24 (1631 turns).

Jmtri7 the Ducker (Demonspawn Gladiator)            Turns: 1631, Time: 00:03:25

Health: 0/34       AC:  5    Str: 20    XL:     4   Next: 11%
Magic:  0/4        EV: 13    Int: 13    God:
Gold:   125        SH:  0    Dex: 14    Spells: 0 memorised, 3 levels left

rFire  . . .     SeeInvis .     a - +0 long sword
rCold  . . .     Gourm    .     b - +0 leather armour
rNeg   . . .     Faith    .     (no shield)
rPois  .         Spirit   +     t - +0 helmet
rElec  .         Dismiss  .     k - +0 cloak
rCorr  .         Reflect  .     (no gloves)
SustAt .         Harm     .     (no boots)
MR     .....                    (no amulet)
Stlth  +.........               (no ring)
                                l - +3 ring of intelligence

@: mighty, fainting
A: magic shield, magic regeneration, sturdy frame 1
a: no special abilities


You were on level 3 of the Dungeon.
You were fainting.

You visited 1 branch of the dungeon, and saw 3 of its levels.

You collected 125 gold pieces.

Inventory:

Hand Weapons
 a - a +0 long sword (weapon)
Missiles
 d - 3 throwing nets (quivered)
Armour
 b - a +0 leather armour (worn)
 k - a +0 cloak (worn)
 t - a +0 helmet (worn)
Jewellery
 l - a +3 ring of intelligence (left hand)
Wands
 v - a wand of flame (11/48)
Scrolls
 e - a scroll of remove curse {unknown}
 h - 3 scrolls of teleportation {unknown}
 i - 2 scrolls of noise {unknown}
 m - 2 scrolls of magic mapping {unknown}
 n - 2 scrolls of identify {unknown}
Potions
 p - 2 potions of flight {unknown}
 q - a potion of ambrosia {unknown}
 r - a potion of curing {unknown}
 u - 2 potions of berserk rage {unknown}
Comestibles
 c - 4 chunks of flesh
 f - a bread ration
 j - 2 meat rations
 o - a slice of pizza
 s - a royal jelly


   Skills:
 + Level 2.4 Fighting
 * Level 3.4 Long Blades
 - Level 1.7 Throwing
 * Level 3.7 Dodging


You had 3 spell levels left.
You didn't know any spells.

Dungeon Overview and Level Annotations

Branches:
Dungeon (3/15)

Altars:
Kikubaaqudgha
Qazlal
Vehumet
Xom


Innate Abilities, Weirdness & Mutations

When hurt, damage is shared between your health and your magic reserves.
You regenerate magic rapidly.
Your movements are slightly less encumbered by armour. (ER -2)


Message History

* * * LOW HITPOINT WARNING * * *
You feel slightly more hungry. The hungry ghost hits you.
* * * LOW HITPOINT WARNING * * *
You feel slightly more hungry.
It was a potion of might.
You feel very mighty all of a sudden. The hungry ghost hits you.
You feel slightly more hungry.
You barely miss the hungry ghost.
The hungry ghost is severely damaged.
The hungry ghost hits you.
You feel slightly more hungry.
You miss the hungry ghost.
The hungry ghost is severely damaged.
The hungry ghost barely misses you.
You riposte.
You completely miss the hungry ghost.
The hungry ghost is severely damaged.
You completely miss the hungry ghost.
The hungry ghost is severely damaged.
As you are about to starve, you manage to eat something.
You start eating the slice of pizza.
The hungry ghost hits you.
You die...

### #.....#.#.....# . ..##
#.#####.....# .###
...####.######....# ...# .
.........)......#####...#.#
....##.#######............#
.......# ##............
....#### #########.....##
..#.# ......##......##
###.# %.....†@..........
..# .....$.W.......### ###
P..P...........#
...............#
....=P.........#
................#
.................
.....P........##


You could see a hungry ghost.

Vanquished Creatures
  4 adders (D:2)
  A worm (D:2)
  An orc (D:3)
  A giant cockroach (D:2)
  6 goblins
  2 hobgoblins (D:2)
  3 jackals (D:1)
  2 quokkas (D:2)
  A ball python (D:1)
  3 bats
  4 giant newts
  5 kobolds
  4 rats
37 creatures vanquished.

Notes
Turn   | Place    | Note
-------+----------+-------------------------------------------
     0 | D:1      | Jmtri7 the Demonspawn Gladiator began the quest for the Orb.
     0 | D:1      | Reached XP level 1. HP: 16/16 MP: 1/1
   238 | D:1      | Gained mutation: When hurt, damage is shared between your health and your magic reserves. [demonic ancestry]
   238 | D:1      | Reached XP level 2. HP: 16/22 MP: 2/2
   798 | D:2      | Found a radiant altar of Vehumet.
   923 | D:2      | Gained mutation: Your movements are slightly less encumbered by armour. (ER -2) [demonic ancestry]
   923 | D:2      | Reached XP level 3. HP: 27/27 MP: 3/3
  1337 | D:2      | Gained mutation: You regenerate magic rapidly. [demonic ancestry]
  1337 | D:2      | Reached XP level 4. HP: 30/34 MP: 4/4
  1339 | D:2      | Found a shimmering altar of Xom.
  1339 | D:2      | Found an ancient bone altar of Kikubaaqudgha.
  1343 | D:2      | Found a stormy altar of Qazlal.
  1563 | D:3      | Noticed a hungry ghost
  1603 | D:3      | Paralysed by fainting for 10 turns
  1627 | D:3      | HP: 1/34 [hungry ghost (2)]
  1631 | D:3      | Slain by a hungry ghost

Vault maps used:
D:1:      minmay_arrival_up_and_down
D:2:      vehumet_crystals, grunt_temple_overflow_open
D:3:      minmay_misc_feat_plants, roderic_ancient_swastika, uniq_terence

Skill      XL: |  1  2 |
---------------+-------+-----
Long Blades    | 3 |  3.4
Dodging        | 3 |  3.7
Fighting       | |  2.4
Throwing       | |  1.7

Action                   |  1- 3 |  4- 6 || total
-------------------------+-------+-------++-------
Melee: Long sword        |   139 |    69 ||   208
  Use: Potion            |       |     1 ||     1
 Stab: Sleeping          |     1 |       ||     1
       Distracted        |     1 |       ||     1
  Eat: Chunk             |     1 |     3 ||     4
       Pizza             |       |     1 ||     1
Armor: Leather armour    |    34 |    23 ||    57
Dodge: Dodged            |    85 |    30 ||   115
